 Dungeon Crawl Stone Soup version 0.28.0-53-g5a82cb258f (webtiles) character file.

Game seed: 4582080216707802794

20 Descartes the Skirmisher (level 2, 24/24 HPs)
             Began as a Demonspawn Monk on June 11, 2022.
             Was a Believer of Trog.
             Got out of the dungeon alive.
             The game lasted 00:01:06 (924 turns).

Descartes the Skirmisher (Demonspawn Monk)           Turns: 924, Time: 00:01:07

Health: 24/24      AC:  2    Str: 11    XL:     2   Next: 58%
Magic:  2/2        EV: 12    Int: 11    God:    Trog [**....]
Gold:   56         SH:  0    Dex: 15    Spells: 1/1 levels left

rFire   . . .      SeeInvis .   a - +0 hand axe
rCold   . . .      Faith    .   (no shield)
rNeg    . . .      Spirit   .   b - +0 robe
rPois   .          Reflect  .   (helmet restricted)
rElec   .          Harm     .   (no cloak)
rCorr   .          Rampage  .   (no gloves)
Will    .....                   (no boots)
Stlth   ++........              (no amulet)
HPRegen 0.08/turn               (no ring)
MPRegen 0.08/turn               (no ring)

@: no status effects
A: horns 1
a: Renounce Religion, Berserk, Trog's Hand


You escaped.
You worshipped Trog.
Trog was pleased with you.
You visited 1 branch of the dungeon, and saw 1 of its levels.

You collected 56 gold pieces.

Inventory:

Hand Weapons
 a - a +0 hand axe (weapon)
Armour
 b - a +0 robe (worn)
Scrolls
 c - 2 scrolls of teleportation {unknown}
 e - 2 scrolls of magic mapping {unknown}
Potions
 d - a potion of ambrosia {unknown}


   Skills:
 + Level 3.1 Fighting
 + Level 2.9 Axes
 + Level 0.5 Armour
 - Level 2.6 Dodging
 - Level 1.7 Stealth
 + Level 0.5 Shields
 + Level 1.2 Invocations
 + Level 0.4 Evocations


You had one spell level left.
You didn't know any spells.
Your spell library was empty.

Dungeon Overview and Level Annotations

Branches:
Dungeon (1/15)

Altars:
Trog


Innate Abilities, Weirdness & Mutations

You have a pair of small horns on your head.


Message History

The goblin barely misses you.
You hit the goblin.
You kill the goblin!
No target in view!
No target in view!
No target in view!
No target in view!
No target in view!
No target in view!
No target in view!
No target in view!
No target in view!
No target in view!
No target in view!
No target in view!
No target in view!
No target in view!
No target in view!
No target in view!
Items here: )) ††.
There is a faded altar of an unknown god here.
You cannot tell which god this altar belongs to.
Convert to them anyway?
Trog accepts your prayer! Trog welcomes you!
You can now go berserk at will.
You can now call upon Trog for regeneration and willpower.
Items here: )) ††.
There is an open door here.
You open the door.
There is an open door here.
You see here a +0 dagger.
There is a stone staircase leading down here.
Things that are here:
a +0 club; a +0 club You see here a +0 spear.
There is an open door here.
There is an open door here.
There is a staircase leading out of the dungeon here.
Are you sure you want to leave the Dungeon?
This will make you lose the game!
You have escaped!

#..#.###..# ##
#.........# #.
#.........# #.
###..####.# #.
#..####.###.
#...........
#####################.
##.........## #.
#..♣..@..♣..# #.
#.........## #. #####
#####'##### ##
##...######...######.
#
#....................
#
#..⌠........⌠........
#
#....................
#
##...######...######.
# ##'## ##>## ##


There were no monsters in sight!

Vanquished Creatures
  4 bats (D:1)
  An endoplasm (D:1)
  5 goblins (D:1)
  A frilled lizard (D:1)
  5 kobolds (D:1)
  3 rats (D:1)
19 creatures vanquished.

Notes
Turn   | Place    | Note
-------+----------+-------------------------------------------
     0 | D:1      | Descartes the Demonspawn Monk began the quest for the Orb.
     0 | D:1      | Reached XP level 1. HP: 18/18 MP: 1/1
   325 | D:1      | Gained mutation: You have a pair of small horns on your
                  | head. [demonic ancestry]
   325 | D:1      | Reached XP level 2. HP: 24/24 MP: 2/2
   448 | D:1      | Reached skill level 1 in Invocations
   653 | D:1      | Found a faded altar of an unknown god.
   741 | D:1      | Prayed at the altar of an unknown god.
   741 | D:1      | Became a worshipper of Trog the Wrathful
   741 | D:1      | Reached * piety under Trog
   741 | D:1      | Reached ** piety under Trog
   924 | D:$      | Got out of the dungeon alive.

Illustrated notes

Levels and vault maps discovered:
D:1:      minmay_arrival_split_and_join, layout_loops_corners,
          hellmonk_ecumenical_altar_prayer_group

Skill      XL: |  1  2 |
---------------+-------+-----
Invocations    | 1 |  1.2
Fighting       | |  3.1
Axes           | |  2.9
Armour         | |  0.5
Dodging        | |  2.6
Stealth        | |  1.7
Shields        | |  0.5
Evocations     | |  0.4

Action                   || total
-------------------------++-------
Melee: Hand axe          ||    38
       Headbutt          ||     3
 Stab: Sleeping          ||     4
Armor: Robe              ||     4
Dodge: Dodged            ||    17
